 Dungeon Crawl Stone Soup version 0.17.0-28-g6e173f8 (webtiles) character file.

140 PossumBlood the Conjurer (level 5, 0/31 HPs)
             Began as an Octopode Wizard on Dec 2, 2015.
             Slain by an iguana (6 damage)
             ... on level 4 of the Dungeon.
             The game lasted 00:10:58 (3519 turns).

PossumBlood the Conjurer (Octopode Wizard)          Turns: 3519, Time: 00:10:58

Health: 0/31       AC:  1    Str:  7    XL:     5   Next: 22%
Magic:  9/10       EV: 12    Int: 21    God:
Gold:   120        SH:  0    Dex: 10    Spells: 1 memorised, 10 levels left

rFire  + . .     SeeInvis .     p - +2 dagger (drain)
rCold  x . .     Clarity  .     (no shield)
rNeg   . . .     SustAt   .     a - +0 hat
rPois  .         Gourm    .     (no amulet)
rElec  .         Spirit   .     c - ring of fire (curse)
rCorr  .         Warding  .     (no ring)
rMut   .         Stasis   .     (no ring)
MR     .....                    (no ring)
Stlth  +++.......               (no ring)
                                (no ring)
                                (no ring)
                                (no ring)

@: very slightly contaminated, not resistant to hostile enchantments, fairly
stealthy
A: almost no armour, amphibious, 8 rings, constrict 8, camouflage 1, gelatinous
body 1
a: no special abilities


You were on level 4 of the Dungeon.
You were not hungry.

You visited 1 branch of the dungeon, and saw 4 of its levels.

You collected 120 gold pieces.

Inventory:

Hand Weapons
 d - a +0 club
 p - a +2 dagger of draining (weapon)
Armour
 a - a +0 hat (worn)
Jewellery
 c - a cursed ring of fire (left tentacle)
Scrolls
 e - a scroll of fog {unknown}
 f - a scroll of identify
 j - a scroll of recharging
 n - a scroll of enchant weapon {unknown}
Potions
 h - 2 potions of ambrosia
 k - a potion of flight {unknown}
 l - a potion of cancellation {unknown}
 m - a potion of degeneration {unknown}
Books
 b - a book of Minor Magic

   Spells                             Type                      Level
   a - Magic Dart                     Conjuration                  1
   b - Blink                          Translocation                2
   c - Call Imp                       Summoning                    2
   d - Repel Missiles                 Charms/Air                   2
   e - Slow                           Hexes                        2
   f - Conjure Flame                  Conjuration/Fire             3
   g - Mephitic Cloud                 Conjuration/Poison/Air       3
Comestibles
 g - 3 beef jerkies
 i - a fruit
 o - a bread ration


   Skills:
 - Level 2.0 Dodging
 - Level 2.6 Stealth
 + Level 3.8 Spellcasting
 * Level 4.0 Conjurations
   Level 1.0 Summonings
   Level 1.0 Translocations


You had 10 spell levels left.
You knew the following spells:

 Your Spells              Type           Power        Failure   Level  Hunger
a - Magic Dart            Conj           ###.         1%          1    None


Dungeon Overview and Level Annotations

Branches:
Dungeon (4/15)
 Temple: D:4-7

Altars:
Trog


Innate Abilities, Weirdness & Mutations

You cannot wear most types of armour.
You are amphibious.
You can wear up to eight rings at the same time.
You can use your tentacles to constrict eight enemies at once.
Your skin changes colour to match your surroundings (Stealth).
Your rubbery body absorbs attacks (AC +1).


Message History

Aim: an iguana The magic dart hits the iguana.
The iguana is lightly wounded.
The iguana bites you!
Casting: Magic Dart
Confirm with . or Enter, or press ? or * to list all spells.
Aiming: Magic Dart
Press: ? - help, Shift-Dir - straight line, f/p - iguana
Aim: an iguana (lightly wounded)
The magic dart hits the iguana.
The iguana is lightly wounded.
The iguana bites you!
* * * LOW HITPOINT WARNING * * *
Read which item? (? for menu, Esc to quit)
As you read the scroll labeled ZAICLOD DIACE, it crumbles to dust.
It is a scroll of identify.
Identify which item? (\ to view known items) (? for menu, Esc to quit)
j - a scroll of recharging The iguana bites you.
You die... .# .# .. .# #. .# #. .# #. .# #. .# ..#.##.##.# ....Z.h@l.# ....##.#### . #. #. #! #. #. #.

You could see an iguana, a jackal and a quokka skeleton.

Vanquished Creatures
  Jessica (D:2)
  4 adders
  An ooze (D:3)
  A worm (D:2)
  A giant gecko (D:2)
  2 orcs (D:3)
  9 bats
  6 giant cockroaches
  6 goblins
  6 hobgoblins
  7 jackals
  3 quokkas
  A ball python (D:3)
  3 giant newts
  6 kobolds
  9 rats
66 creatures vanquished.

Notes
Turn   | Place    | Note
--------------------------------------------------------------
     0 | D:1      | PossumBlood the Octopode Wizard began the quest for the Orb.
     0 | D:1      | Reached XP level 1. HP: 11/11 MP: 4/4
   549 | D:1      | Reached XP level 2. HP: 17/17 MP: 0/6
  1420 | D:2      | Reached XP level 3. HP: 21/21 MP: 2/7
  1826 | D:2      | You fall through a shaft!
  1924 | D:3      | Reached XP level 4. HP: 24/27 MP: 0/9
  2347 | D:2      | Noticed Jessica
  2354 | D:2      | Killed Jessica
  2673 | D:2      | Found a bloodstained altar of Trog.
  2683 | D:2      | Reached XP level 5. HP: 31/31 MP: 0/10
  3296 | D:3      | Reached skill level 4 in Conjurations
  3519 | D:4      | Slain by an iguana

Action                   |  1- 3 |  4- 6 || total
-------------------------+-------+-------++-------
Melee: Club              |    12 |     6 ||    18
       Dagger            |       |     3 ||     3
 Cast: Magic Dart        |    79 |    76 ||   155
  Use: Scroll            |     1 |     1 ||     2
       Potion            |     1 |     1 ||     2
  Eat: Bread ration      |     1 |       ||     1
       Fruit             |       |     4 ||     4
